 Dungeon Crawl Stone Soup version 0.24-a0-584-g9d6b971 (webtiles) character file.

Game seed: 10120955102169722297, levelgen mode: deterministic

25 JEM123 the Ruffian (level 2, 0/29 HPs)
             Began as a Troll Berserker on Aug 30, 2019.
             Was a Follower of Trog.
             Slain by a water moccasin (4 damage)
             ... on level 2 of the Dungeon.
             The game lasted 00:01:39 (159 turns).

JEM123 the Ruffian (Troll Berserker)                 Turns: 159, Time: 00:01:39

Health: 0/29       AC:  6    Str: 24    XL:     2   Next: 82%
Magic:  1/1        EV: 10    Int:  3    God:    Trog [*.....]
Gold:   0          SH:  0    Dex:  9    Spells: 1/1 levels left

rFire    . . .     SeeInvis .     - Unarmed
rCold    . . .     Gourm    +   (no shield)
rNeg     . . .     Faith    .   a - +0 animal skin
rPois    .         Spirit   .   (helmet restricted)
rElec    .         Reflect  .   (no cloak)
rCorr    .         Harm     .   (gloves unavailable)
MR       .....                  (boots unavailable)
Stlth    +.........             (no amulet)
HPRegen  0.49/turn              f - ring of flight
MPRegen  0.07/turn              (no ring)

@: lethally poisoned (0 -> -4)
A: large, unfitting armour, claws 3, fast metabolism 3, gourmand, regeneration
1, shaggy fur 1, tough skin 3
a: Berserk, Renounce Religion, Evoke Flight


You were on level 2 of the Dungeon.
You worshipped Trog.
Trog was aware of your devotion.
You were completely stuffed.

You visited 1 branch of the dungeon, and saw 2 of its levels.

Inventory:

Armour
 a - a +0 animal skin (worn)
Jewellery
 f - a ring of flight (left claw)
Scrolls
 e - a scroll of enchant armour
Comestibles
 b - 2 rations
 c - 4 chunks of flesh


   Skills:
 + Level 2.9 Fighting
 - Level 2.4 Dodging
 + Level 3.6 Unarmed Combat


You had one spell level left.
You didn't know any spells.
Your spell library was empty.

Dungeon Overview and Level Annotations

Branches:
Dungeon (2/15)

Altars:


Innate Abilities, Weirdness & Mutations

You are too large for most types of armour.
You have claws for hands.
Your metabolism is lightning-fast.
You like to eat raw meat.
Your natural rate of healing is unusually fast.
You are covered in fur. (AC +1)
You have extremely tough skin. (AC +3)


Message History

The water moccasin closely misses you. The kobold barely misses you.
The giant cockroach bites you but does no damage.
You closely miss the water moccasin.
The water moccasin is severely wounded.
The water moccasin bites you. The giant cockroach bites you.
The kobold hits you but does no damage. The water moccasin bites you.
You scratch the water moccasin.
The water moccasin is severely wounded.
The giant cockroach bites you but does no damage.
The water moccasin bites you!
* * * LOW HITPOINT WARNING * * *
You are lethally poisoned!
The water moccasin poisons you! The kobold barely misses you.
You aren't carrying any potions.
As you read the scroll labeled FUOHIXKA WOPRU, it crumbles to dust.
It is a scroll of identify.
e - a scroll of enchant armour
* * * LOW HITPOINT WARNING * * *
You feel sick. The water moccasin bites you.
You die...

. .. .# ###..
##... #.S#
######@### ###
#....sKS.####....
#..............##
#........(......#
#...............#
#########.......#
#########


You could see a water moccasin, an adder, a giant cockroach and a kobold.

Vanquished Creatures
  An adder (D:2)
  A dart slug (D:1)
  A leopard gecko (D:1)
  2 bats (D:1)
  5 hobgoblins (D:1)
  A frilled lizard (D:1)
  A rat (D:1)
12 creatures vanquished.

Notes
Turn   | Place    | Note
-------+----------+-------------------------------------------
     0 | D:1      | JEM123 the Troll Berserker began the quest for the Orb.
     0 | D:1      | Reached XP level 1. HP: 22/22 MP: 0/0
    19 | D:1      | Reached XP level 2. HP: 16/29 MP: 1/1
   149 | D:1      | You fall into a shaft and drop 1 floor!
   149 | D:2      | Noticed a water moccasin
   159 | D:2      | Slain by a water moccasin

Levels and vault maps discovered:
D:1:      dpeg_arrival_stonehenge_8_columns, layout_loops_cross,
          minmay_door_square
D:2:      layout_rooms, chequers_ecumenical_altar_grove, minmay_pentomino_q2

Action                   || total
-------------------------++-------
Melee: Unarmed           ||    33
  Use: Scroll            ||     1
 Stab: Sleeping          ||     1
  Eat: Chunk             ||     7
Armor: Animal skin       ||    17
Dodge: Dodged            ||    26

Table legend:
 A = Non-vault XP
 B = Vault XP
 C = Vault XP percentage of total XP
 D = Non-vault monster count
 E = Vault monster count
 F = Vault count percentage of total count
                 A         B        C        D         E       F
            +---------+---------+-------+---------+---------+-------
      Total |      36 |       0 |   0.0 |      12 |       0 |   0.0
            +---------+---------+-------+---------+---------+-------
        D:1 |      22 |       0 |   0.0 |      11 |       0 |   0.0
        D:2 |      14 |       0 |   0.0 |       1 |       0 |   0.0
            +---------+---------+-------+---------+---------+-------
